 Dungeon Crawl Stone Soup version 0.18-a0-917-g8a3da5b (webtiles) character file.

42 4thArraOfDagon the Skirmisher (level 3, -2/29 HPs)
             Began as a Mummy Abyssal Knight on Dec 26, 2015.
             Was a Follower of Lugonu.
             Slain by a worker ant (6 damage)
             ... on level 4 of the Dungeon.
             The game lasted 00:02:28 (643 turns).

4thArraOfDagon the Skirmisher (Mummy Abyssal Knight) Turns: 643, Time: 00:02:29

Health: -2/29      AC:  5    Str: 15    XL:     3   Next: 35%
Magic:  4/4        EV: 11    Int: 12    God:    Lugonu [*.....]
Gold:   48         SH:  0    Dex: 11    Spells: 0 memorised, 2 levels left

rFire  x . .     SeeInvis .     a - +1 hand axe
rCold  + . .     Gourm    .     b - +0 leather armour
rNeg   + + +     Faith    .     (no shield)
rPois  ∞         Spirit   .     d - +0 helmet
rElec  .         Dismiss  .     e - +0 cloak
rCorr  .         Reflect  .     (no gloves)
SustAt .         Harm     .     (no boots)
MR     .....                    (no amulet)
Stlth  ++........               (no ring)
                                f - ring of stealth

@: not resistant to hostile enchantments, unstealthy
A: no food or potions, fire vulnerability, cold resistance 1, negative energy
resistance 3, torment resistance, unbreathing
a: Depart the Abyss, Renounce Religion


You were on level 4 of the Dungeon.
You worshipped Lugonu.
Lugonu was aware of your devotion.
You were not hungry.

You visited 1 branch of the dungeon, and saw 4 of its levels.
You visited the Abyss 1 time.

You collected 48 gold pieces.

Inventory:

Hand Weapons
 a - a +1 hand axe (weapon)
Armour
 b - a +0 leather armour (worn)
 d - a +0 helmet (worn)
 e - a +0 cloak (worn)
Jewellery
 f - a ring of stealth (left hand)
Scrolls
 c - a scroll of remove curse {unknown}
 g - 2 scrolls of identify {unknown}


   Skills:
 + Level 3.0 Fighting
 * Level 2.1 Axes
 + Level 1.7 Armour
 + Level 1.2 Dodging
 * Level 2.3 Invocations


You had 2 spell levels left.
You didn't know any spells.

Dungeon Overview and Level Annotations

Branches:
Dungeon (4/15)
 Temple: D:4-7

Altars:


Innate Abilities, Weirdness & Mutations

You do not eat or drink.
Your flesh is vulnerable to fire.
You are immune to poison.
Your flesh is cold resistant.
You are immune to negative energy.
You are immune to unholy pain and torment.
You can survive without breathing.


Message History

* * * LOW HITPOINT WARNING * * *
You closely miss the worker ant.
The worker ant is almost dead.
The worker ant closely misses you. The worker ant barely misses you.
You closely miss the worker ant.
The worker ant is almost dead.
The worker ant barely misses you.
You hit the worker ant.
The worker ant is almost dead.
The worker ant bites you but does no damage.
You hit the worker ant but do no damage.
The worker ant is almost dead.
The worker ant closely misses you. The worker ant completely misses you.
You barely miss the worker ant.
The worker ant is almost dead.
The worker ant closely misses you.
You hit the worker ant but do no damage.
The worker ant is almost dead.
The worker ant barely misses you. The worker ant bites you.
You die...

(. ... #. #.##.
.... ## (.. ..
#.#####.#
#.%..@a.#
##..#####. #
#.........#
##.##.#.#######
#...<.#.>.
#..#######..
#... #.. #.# #
..


You could see a worker ant.

Vanquished Creatures
  2 adders
  A giant gecko (D:1)
  A bat (D:2)
  2 giant cockroaches (D:1)
  A hobgoblin (D:2)
  2 jackals (D:2)
  2 giant newts
  3 goblins
  4 kobolds (D:1)
  2 quokkas (D:2)
  4 rats (D:1)
24 creatures vanquished.

Notes
Turn   | Place    | Note
--------------------------------------------------------------
     0 | Abyss:1  | 4thArraOfDagon the Mummy Abyssal Knight began the quest for the Orb.
     0 | Abyss:1  | Reached XP level 1. HP: 18/18 MP: 2/2
    26 | Abyss:1  | Noticed a wretched star
    33 | Abyss:1  | Noticed a sixfirhy
    38 | D:1      | Escaped the Abyss
    93 | D:2      | Reached XP level 2. HP: 22/24 MP: 3/3
   167 | D:2      | Reached skill level 1 in Dodging
   369 | D:1      | Reached * piety under Lugonu
   457 | D:1      | Reached XP level 3. HP: 24/29 MP: 4/4
   643 | D:4      | Slain by a worker ant

Vault maps used:
D:1:      arrival_zaba_pyramid
D:2:      okawaru_ov_weapons_minmay, first_bread, serial_park_tiny_2
D:3:      vehumet_crystals
D:4:      kennysheep_the_goblin_king, minmay_temple_entry_nine_rooms,
          serial_shops, shop, uniq_duvessa
Abyss:1:  due_exit_kobolds

Action                   || total
-------------------------++-------
Melee: Hand axe          ||   106
Invok: Depart the Abyss  ||     1
 Stab: Sleeping          ||     4
